 Dungeon Crawl Stone Soup version 0.18.1-8-gdd0e5ea (webtiles) character file.

105 F1L1N the Ruffian (level 4, -8/45 HPs)
             Began as a Troll Berserker on June 5, 2016.
             Was a Believer of Trog.
             Killed by nerve-wracking pain
             ... invoked by Grinder
              (11 damage)
             ... on level 4 of the Dungeon.
             The game lasted 00:02:54 (1432 turns).

F1L1N the Ruffian (Troll Berserker)                 Turns: 1432, Time: 00:02:56

Health: -8/45      AC:  7    Str: 26    XL:     4   Next: 53%
Magic:  3/3        EV: 10    Int:  3    God:    Trog [**....]
Gold:   57         SH:  0    Dex:  9    Spells: 0 memorised, 3 levels left

rFire  . . .     SeeInvis .       - Unarmed
rCold  . . .     Gourm    +     a - +0 animal skin
rNeg   . . .     Faith    .     (no shield)
rPois  .         Spirit   .     (helmet restricted)
rElec  .         Dismiss  .     (no cloak)
rCorr  .         Reflect  .     (gloves unavailable)
SustAt .         Harm     .     (boots unavailable)
MR     .....                    (no amulet)
Stlth  +.........               (no ring)
                                e - +2 ring of protection

@: exhausted, slowed, very slow, not resistant to hostile enchantments, very
unstealthy
A: unfitting armour, claws 3, fast metabolism 3, gourmand, regeneration 2,
shaggy fur 1, tough skin 2
a: Berserk, Trog's Hand, Burn Spellbooks, Renounce Religion


You were on level 4 of the Dungeon.
You worshipped Trog.
Trog was pleased with you.
You were not hungry.

You visited 1 branch of the dungeon, and saw 3 of its levels.

You collected 57 gold pieces.

Inventory:

Armour
 a - a +0 animal skin (worn)
Jewellery
 e - a +2 ring of protection (left claw)
Scrolls
 c - 2 scrolls of blinking {unknown}
 d - a scroll of magic mapping {unknown}
 g - a scroll of fear {unknown}
 l - 3 scrolls of identify {unknown}
Potions
 f - a potion of agility {unknown}
 i - a potion of curing {unknown}
 j - a potion of cure mutation {unknown}
 k - a potion of ambrosia {unknown}
 n - a potion of berserk rage {unknown}
Comestibles
 b - 4 bread rations
 h - a meat ration
 m - a beef jerky


   Skills:
 + Level 3.2 Fighting
 + Level 3.2 Dodging
 + Level 3.9 Unarmed Combat


You had 3 spell levels left.
You didn't know any spells.

Dungeon Overview and Level Annotations

Branches:
Dungeon (2/15)

Altars:
Cheibriados
Xom
The Shining One

Annotations:
D:4 Grinder


Innate Abilities, Weirdness & Mutations

You are too large for most types of armour.
You have claws for hands.
Your metabolism is lightning-fast.
You like to eat raw meat.
You heal very quickly.
You are covered in fur (AC +1).
You have very tough skin (AC +2).


Message History

Grinder closely misses you.
You scratch Grinder.
Grinder is almost dead.
Grinder gestures at you. Pain shoots through your body! Grinder hits you.
You writhe in agony. x2
You scratch Grinder.
Grinder is almost dead.
Grinder blinks!
Grinder gestures at you. You resist with significant effort.
Grinder gestures at you. Pain shoots through your body!
Grinder blinks!
Grinder blinks!
Grinder hits you!
* * * LOW HITPOINT WARNING * * *
You writhe in agony.
* * * LOW HITPOINT WARNING * * *
Grinder gestures at you. Pain shoots through your body!
You die...

###### .....# #....#
#....# #....# #...?#
#...§# #....# #....#
#....#
#####....########....####
........)....§...........
................@........
.....>.........5.........
.........................
......................##+
......................#
................(!....#
.####+#######+####....#
....#


You could see Grinder.

Vanquished Creatures
  Blork the orc (D:4)
  An ooze (D:2)
  A dart slug (D:1)
  7 bats
  4 giant cockroaches (D:1)
  2 goblins (D:1)
  3 hobgoblins
  2 quokkas
  3 giant newts (D:1)
  4 kobolds (D:1)
  4 rats
32 creatures vanquished.

Notes
Turn   | Place    | Note
--------------------------------------------------------------
     0 | D:1      | F1L1N the Troll Berserker began the quest for the Orb.
     0 | D:1      | Reached XP level 1. HP: 22/22 MP: 0/0
   244 | D:1      | Reached XP level 2. HP: 27/29 MP: 1/1
   705 | D:1      | Reached ** piety under Trog
   844 | D:2      | Reached XP level 3. HP: 36/36 MP: 2/2
   906 | D:2      | Found a shimmering altar of Xom.
  1196 | D:2      | Found a glowing golden altar of the Shining One.
  1249 | D:2      | Found a snail-covered altar of Cheibriados.
  1396 | D:2      | You fall through a shaft for 2 floors!
  1396 | D:4      | Noticed Blork the orc
  1402 | D:4      | Killed Blork the orc
  1402 | D:4      | Reached XP level 4. HP: 45/45 MP: 3/3
  1415 | D:4      | Noticed Grinder
  1432 | D:4      | Killed from afar by Grinder

Skill      XL: |  1  2  3 |
---------------+----------+-----
Fighting       | 3 |  3.2
Dodging        | 3 |  3.2
Unarmed Combat | |  3.9

Action                   |  1- 3 |  4- 6 || total
-------------------------+-------+-------++-------
Melee: Unarmed           |    72 |     4 ||    76
Invok: Berserk           |     1 |       ||     1
       Burn Spellbooks   |       |     1 ||     1
 Stab: Sleeping          |     2 |       ||     2
  Eat: Chunk             |    12 |       ||    12
Armor: Animal skin       |    35 |       ||    35
Dodge: Dodged            |    33 |     1 ||    34
